 Dungeon Crawl Stone Soup version 0.26.0-45-g9c1d065592 (webtiles) character file.

Game seed: 6728470613231091774

126 kaeus the Chopper (level 5, -3/47 HPs)
             Began as a Hill Orc Monk on Jan 27, 2021.
             Slain by Grinder (6 damage)
             ... on level 2 of the Dungeon.
             The game lasted 00:02:36 (2649 turns).

kaeus the Chopper (Hill Orc Monk)                   Turns: 2649, Time: 00:02:37

Health: -3/47      AC: 11    Str: 15    XL:     5   Next: 10%
Magic:  5/5        EV:  5    Int: 10    God:
Gold:   106        SH:  0    Dex: 13    Spells: 4/4 levels left

rFire    x . .     SeeInvis .   a - +1 hand axe
rCold    + . .     Faith    .   (no shield)
rNeg     . . .     Spirit   .   f - +0 plate armour
rPois    .         Reflect  .   (no helmet)
rElec    .         Harm     .   (no cloak)
rCorr    .         Rampage  .   (no gloves)
Will     .....                  (no boots)
Stlth    ..........             (no amulet)
HPRegen  0.15/turn              i - ring of ice (curse)
MPRegen  0.09/turn              (no ring)

@: no status effects
A: no striking features
a: no special abilities


You were on level 2 of the Dungeon.
You visited 1 branch of the dungeon, and saw 3 of its levels.

You collected 106 gold pieces.

Inventory:

Hand Weapons
 a - a +1 hand axe (weapon)
Armour
 f - a +0 plate armour (worn)
Jewellery
 i - a cursed ring of ice (left hand)
Scrolls
 c - 4 scrolls of identify
 d - 3 scrolls of teleportation
 g - 2 scrolls of blinking
Potions
 b - a potion of curing {unknown}
 e - a potion of flight {unknown}
 h - a potion of berserk rage {unknown}
 k - a potion of ambrosia {unknown}


   Skills:
 + Level 4.5 Fighting
 + Level 5.1 Axes
 * Level 3.4 Armour
 - Level 2.4 Dodging
 - Level 1.5 Stealth


You had 4 spell levels left.
You didn't know any spells.
Your spell library was empty.

Dungeon Overview and Level Annotations

Branches:
Dungeon (3/15)

Altars:

Annotations:
D:2 Grinder


Message History

Grinder hits you.
* * * LOW HITPOINT WARNING * * *
You take 1 damage, and have 5/47 hp.
You barely miss Grinder.
Grinder is moderately wounded.
Grinder hits you but does no damage.
You closely miss Grinder.
Grinder is moderately wounded.
Grinder hits you.
* * * LOW HITPOINT WARNING * * *
You take 1 damage, and have 4/47 hp.
You hit Grinder but do no damage.
Grinder is moderately wounded.
Grinder hits you but does no damage.
You barely miss Grinder.
Grinder is moderately wounded.
Grinder hits you.
* * * LOW HITPOINT WARNING * * *
You writhe in agony.
You die...

...#.##......#.#
...#.#########.###
...#.# #.........#
...#.# #.#####.#.#
...#.# #.#.....#.#
...#.# #.#.#####.#
...#.###.#.# #.#
...#.......# #.#
...#####.### #@#
......##.# #5#
#.###.##.# #.#
....#'##†#### #.#
#.#.........# #.#
))#.........# #.#
#.#.........# #.#
#.#.........# #(#
#.#.........# #.#


You could see Grinder.

Vanquished Creatures
  4 gnolls
  4 adders (D:2)
  A worm (D:3)
  2 dart slugs
  A ball python (D:2)
  5 bats
  A giant cockroach (D:2)
  8 goblins
  6 hobgoblins
  2 kobolds
  A quokka (D:2)
  4 frilled lizards
  9 rats
48 creatures vanquished.

Notes
Turn   | Place    | Note
-------+----------+-------------------------------------------
     0 | D:1      | kaeus the Hill Orc Monk began the quest for the Orb.
     0 | D:1      | Reached XP level 1. HP: 19/19 MP: 1/1
   103 | D:1      | Reached skill level 1 in Armour
   105 | D:1      | Reached XP level 2. HP: 14/27 MP: 2/2
   907 | D:2      | Reached XP level 3. HP: 16/33 MP: 3/3
  1516 | D:2      | Reached XP level 4. HP: 37/40 MP: 4/4
  2190 | D:2      | Reached skill level 5 in Axes
  2238 | D:2      | Reached XP level 5. HP: 43/47 MP: 5/5
  2611 | D:3      | Noticed Grinder
  2614 | D:3      | Paralysed by Grinder for 5 turns
  2625 | D:3      | Paralysed by Grinder for 2 turns
  2632 | D:3      | Paralysed by Grinder for 5 turns
  2642 | D:2      | Paralysed by Grinder for 2 turns
  2649 | D:2      | Slain by Grinder

Illustrated notes

Levels and vault maps discovered:
D:1:      elethiomel_arrival_shortcut, layout_loops_ring
D:2:      layout_basic
D:3:      layout_basic, nicolae_dithmenos_through_a_glass_darkly,
          lightli_temple_of_fire, kennysheep_generic_room_10, uniq_grinder

Skill      XL: |  1  2  3  4 |
---------------+-------------+-----
Armour         | 1 2 3 |  3.4
Fighting       | 4 |  4.5
Axes           | 5 |  5.1
Dodging        | |  2.4
Stealth        | |  1.5

Action                   |  1- 3 |  4- 6 || total
-------------------------+-------+-------++-------
Melee: Hand axe          |   107 |    93 ||   200
  Use: Scroll            |     5 |     2 ||     7
 Stab: Sleeping          |     4 |       ||     4
Armor: Robe              |     3 |       ||     3
       Plate armour      |    54 |    78 ||   132
Dodge: Dodged            |    81 |    26 ||   107
